 Dungeon Sprint DCSS version 0.21.2 (webtiles) character file.

20671 Fang the Severer (level 12, -7/138 HPs)
             Began as a Gargoyle Berserker on Sept 23, 2018.
             Was the Champion of Trog.
             Mangled by a titan (21 damage)
             ... in the Dungeon (Sprint VII: "The Pits") on Sept 24, 2018.
             The game lasted 00:11:43 (2971 turns).

Fang the Severer (Gargoyle Berserker)               Turns: 2971, Time: 00:11:44

Health: -7/138     AC: 25    Str: 34    XL:     12   Next: 81%
Magic:  4/4        EV: 12    Int: 11    God:    Trog [******]
Gold:   46         SH:  0    Dex:  9    Spells: 11/11 levels left

rFire    . . .     SeeInvis .   v - +7 executioner's axe (antimagic)
rCold    . . .     Gourm    .   (shield currently unavailable)
rNeg     + . .     Faith    .   n - +3 chain mail
rPois    ∞         Spirit   .   (no helmet)
rElec    +         Reflect  .   (no cloak)
rCorr    .         Harm     .   (no gloves)
MR       .....     NoTele   +   (no boots)
Stlth    ..........             (no amulet)
HPRegen  0.33/turn              o - +3 ring of intelligence
MPRegen  0.09/turn              p - +3 ring of strength

@: berserking, very quick
A: negative energy resistance 1, electricity resistance, unbreathing,
petrification resistance, rot immunity, AC +8
a: Berserk, Trog's Hand, Brothers in Arms, Burn Spellbooks, Renounce Religion


You were in the Dungeon.
You worshipped Trog.
Trog was exalted by your worship.
You were very hungry.

You visited 1 branch You collected 46 gold pieces.

Inventory:

Hand Weapons
 j - a +2 hand axe
 m - a +2 antimagic broad axe
 s - a +2 war axe of chopping
 u - a +2 battleaxe of electrocution
 v - a +7 antimagic executioner's axe (weapon)
Missiles
 w - 7 javelins of returning (quivered)
Armour
 n - a +3 chain mail (worn)
Jewellery
 o - a +3 ring of intelligence (left hand)
 p - a +3 ring of strength (right hand)
 A - an uncursed ring of fire
 B - an uncursed ring of protection from fire
Wands
 b - a wand of enslavement (14)
Scrolls
 i - 3 scrolls of blinking
 k - 3 scrolls of remove curse
 l - a scroll of summoning
 t - 4 scrolls of enchant armour
 x - 3 scrolls of fear
 y - 2 scrolls of enchant weapon
 z - a scroll of fog
Potions
 a - 2 potions of invisibility
 d - 11 potions of curing
 e - 22 potions of heal wounds
 f - a potion of haste
 g - 4 potions of magic
 h - 3 potions of berserk rage
 q - 3 potions of agility
 r - 3 potions of brilliance
Comestibles
 c - 9 rations


   Skills:
 + Level 18.0 Fighting
 + Level 19.9 Axes
 + Level 14.3 Armour
 + Level 6.7 Dodging
 + Level 3.7 Stealth


You had 11 spell levels left.
You didn't know any spells.

Dungeon Overview and Level Annotations

Branches:
Dungeon (1/1)

Altars:
Ashenzari
Cheibriados
Dithmenos
Elyvilon
Fedhas
Gozag
Hepliaklqana
Kikubaaqudgha
Makhleb
Nemelex Xobeh
Okawaru
Qazlal
Ru
Sif Muna
Trog
Uskayaw
Vehumet
Wu Jian
Xom
Yredelemnul
Zin
The Shining One
Beogh
Jiyva
Lugonu


Innate Abilities, Weirdness & Mutations

You are resistant to torment.
Your stone body is resilient. (AC +8)
You are immune to poison.
You resist negative energy. (rN+)
You are resistant to electric shocks. (rElec)
You can survive without breathing.
You are immune to petrification.
You are immune to rotting.


Message History

You hit the titan.
The titan's magic leaks into the air.
The titan is moderately wounded.
The titan barely misses you.
You slash the titan!
The titan's magic leaks into the air.
The titan is heavily wounded.
The titan hits you!
You slash the titan!
The titan's magic leaks into the air.
The titan is heavily wounded.
The titan hits you!!
You are too injured to fight recklessly!
You are too injured to fight recklessly!
A red film seems to cover your vision as you go berserk!
You feel yourself moving faster!
You feel mighty!
You are feeling very hungry.
The titan hits you!!!
* * * LOW HITPOINT WARNING * * *
You barely miss the titan.
The titan is heavily wounded.
The titan hits you!!
You die...

#+# #.# #C# #@#
#'# #.# #'#
################'#
.....†...........#
...÷.............#
+##############.)#
#).#


You could see a titan.

Vanquished Creatures
  A pandemonium lord (D)
  6 death yaks (D)
  A death knight (D)
  Urug (D)
  2 shadow wraiths (D)
  A flayed ghost (D)
  3 deep elf magi (D)
  A moth of wrath (D)
  Joseph (D)
  Psyche (D)
  A molten gargoyle (D)
  An orange demon (D)
  A spiny frog (D)
  A komodo dragon (D)
  A kobold demonologist (D)
  A freezing wraith (D)
  An ice devil (D)
  A hellwing (D)
  A wind drake (D)
  A merfolk (D)
  A hornet (D)
  4 dream sheep (D)
  4 vampire mosquitoes (D)
  A floating eye (D)
  A water moccasin (D)
  An orc warrior (D)
  A sky beast (D)
  An ogre (D)
  2 centaurs (D)
  4 wolves (D)
  9 killer bees (D)
  A quasit (D)
  An iron imp (D)
  2 hell rats (D)
  A gnoll (D)
  An ufetubus (D)
  An ooze (D)
  2 adder skeletons (D)
  A leopard gecko (D)
  An orc (D)
  A ball python (D)
  A bat (D)
  4 jackals (D)
  2 ball python skeletons (D)
  2 frilled lizards (D)
  2 rats (D)
80 creatures vanquished.

Vanquished Creatures (collateral kills)
  Ilsuiw (D)
  A merfolk javelineer (D)
  A merfolk impaler (D)
  A deep elf mage (D)
  2 merfolk sirens (D)
  An orange demon (D)
  A red devil (D)
  A tarantella (D)
  A steam dragon (D)
  A large abomination (D)
  A warg (D)
  A soldier ant (D)
  A swamp drake (D)
  An eye of draining (D)
  A centaur (D)
  2 gnoll sergeants (D)
  2 mummies (D)
  7 gnolls (D)
  A bat (D)
  A kobold (D)
29 creatures vanquished.

Grand Total: 109 creatures vanquished

Notes
Turn   | Place    | Note
-------+----------+-------------------------------------------
     0 | D        | Fang the Gargoyle Berserker began the quest for the Orb.
     0 | D        | Reached XP level 1. HP: 14/14 MP: 1/1
    16 | D        | Reached skill level 3 in Axes
    21 | D        | Found a bloodstained altar of Trog.
    21 | D        | Found a deep blue altar of Sif Muna.
    21 | D        | Found a viscous altar of Jiyva.
    21 | D        | Found a hazy altar of Hepliaklqana.
    21 | D        | Found an opulent altar of Gozag.
    22 | D        | Found a glowing golden altar of the Shining One.
    22 | D        | Found a glowing silver altar of Zin.
    22 | D        | Found a basalt altar of Yredelemnul.
    22 | D        | Found a shimmering altar of Xom.
    22 | D        | Found an ornate altar of the Wu Jian Council.
    22 | D        | Found a sacrificial altar of Ru.
    22 | D        | Found a stormy altar of Qazlal.
    22 | D        | Found an iron altar of Okawaru.
    22 | D        | Found a sparkling altar of Nemelex Xobeh.
    22 | D        | Found a burning altar of Makhleb.
    22 | D        | Found a blossoming altar of Fedhas.
    22 | D        | Found a white marble altar of Elyvilon.
    22 | D        | Found a shadowy altar of Dithmenos.
    22 | D        | Found a snail-covered altar of Cheibriados.
    24 | D        | Found a radiant altar of Vehumet.
    24 | D        | Found a corrupted altar of Lugonu.
    24 | D        | Found a roughly hewn altar of Beogh.
    63 | D        | Noticed a floating eye
    65 | D        | Paralysed by a floating eye for 4 turns
    71 | D        | Paralysed by a floating eye for 2 turns
    73 | D        | Killed a floating eye
    73 | D        | Reached skill level 6 in Axes
    73 | D        | Reached XP level 2. HP: 23/23 MP: 2/2
    73 | D        | Reached XP level 3. HP: 28/28 MP: 3/3
    73 | D        | Reached XP level 4. HP: 32/32 MP: 4/4
    78 | D        | Reached ** piety under Trog
    87 | D        | Noticed a sky beast
    90 | D        | Reached *** piety under Trog
    97 | D        | Killed a sky beast
    97 | D        | Reached skill level 7 in Axes
    97 | D        | Reached XP level 5. HP: 39/39 MP: 5/5
   183 | D        | Reached **** piety under Trog
   214 | D        | Noticed a deep elf mage
   215 | D        | Noticed a water moccasin
   223 | D        | Noticed a fire elemental
   228 | D        | Noticed a fire elemental
   230 | D        | Killed a deep elf mage
   230 | D        | Reached skill level 10 in Fighting
   230 | D        | Reached skill level 10 in Axes
   230 | D        | Reached skill level 5 in Armour
   230 | D        | Reached XP level 6. HP: 37/48 MP: 6/6
   230 | D        | Reached XP level 7. HP: 40/52 MP: 7/7
   234 | D        | Reached skill level 1 in Stealth
   242 | D        | Reached ***** piety under Trog
   251 | D        | Reached skill level 11 in Axes
   384 | D        | Reached XP level 8. HP: 46/59 MP: 8/8
   641 | D        | Noticed a flayed ghost
   657 | D        | Killed a flayed ghost
   657 | D        | Received a gift from Trog
   657 | D        | Reached skill level 12 in Axes
   657 | D        | Reached skill level 5 in Dodging
   657 | D        | Reached XP level 9. HP: 65/65 MP: 9/9
   660 | D        | Reached ****** piety under Trog
   764 | D        | Found a hide-covered altar of Uskayaw.
   764 | D        | Found an ancient bone altar of Kikubaaqudgha.
   764 | D        | Found a shattered altar of Ashenzari.
   786 | D        | Noticed an orange demon
   795 | D        | Killed an orange demon
   795 | D        | Reached skill level 13 in Axes
   849 | D        | Noticed a death yak
   849 | D        | Noticed a death yak
   850 | D        | Noticed a death yak
   851 | D        | Noticed a death yak
   853 | D        | Noticed a death yak
   853 | D        | Noticed Joseph
   861 | D        | Killed a death yak
   864 | D        | Killed a death yak
   864 | D        | Received a gift from Trog
   864 | D        | Reached skill level 14 in Axes
   864 | D        | Reached XP level 10. HP: 68/73 MP: 10/10
   864 | D        | Killed a death yak
   864 | D        | Reached skill level 10 in Armour
   868 | D        | Killed a death yak
   868 | D        | Reached skill level 15 in Axes
   870 | D        | Killed Joseph
   878 | D        | Killed a death yak
  1164 | D        | Received a gift from Trog
  1324 | D        | Reached XP level 11. HP: 78/80 MP: 3/11
  1340 | D        | Received a gift from Trog
  1341 | D        | Reached skill level 15 in Fighting
  1343 | D        | Reached skill level 16 in Axes
  1426 | D        | Noticed Psyche
  1436 | D        | Killed Psyche
  1436 | D        | Received a gift from Trog
  1458 | D        | Noticed a deep elf mage
  1470 | D        | Killed a deep elf mage
  1524 | D        | Noticed a death knight
  1541 | D        | HP: 6/123 [mirror damage (2)]
  1542 | D        | Killed a death knight
  1542 | D        | Received a gift from Trog
  1543 | D        | Reached skill level 17 in Axes
  2032 | D        | Received a gift from Trog
  2071 | D        | Killed a shadow wraith
  2071 | D        | Received a gift from Trog
  2074 | D        | Noticed a deep elf mage
  2081 | D        | Killed a deep elf mage
  2093 | D        | Noticed a merfolk javelineer
  2093 | D        | Noticed a merfolk impaler
  2096 | D        | Noticed Ilsuiw
  2096 | D        | Killed a merfolk javelineer
  2101 | D        | Killed a merfolk impaler
  2104 | D        | Killed a shadow wraith
  2104 | D        | Received a gift from Trog
  2104 | D        | Reached skill level 18 in Axes
  2104 | D        | Reached XP level 12. HP: 59/90 MP: 2/12
  2116 | D        | Killed Ilsuiw
  2116 | D        | Received a gift from Trog
  2522 | D        | Noticed a death yak
  2529 | D        | Killed a death yak
  2626 | D        | Noticed Urug
  2634 | D        | Killed Urug
  2672 | D        | Received a gift from Trog
  2829 | D        | Received a gift from Trog
  2829 | D        | Reached skill level 19 in Axes
  2840 | D        | Noticed Nailisso the pandemonium lord
  2844 | D        | Noticed a cacodemon
  2847 | D        | Noticed a Tzitzimitl
  2849 | D        | Killed Nailisso the pandemonium lord
  2964 | D        | Noticed a titan
  2971 | D        | Mangled by a titan

Skill      XL: |  1  2  3  4  5  6  7  8  9 10 11 12 |
---------------+-------------------------------------+-----
Axes           | 6 7 10 11 12 14 15 18 19 | 19.9
Fighting       | 6 8 10 12 13 14 16 18 | 18.0
Armour         | 3 4 5 7 9 11 13 14 | 14.3
Dodging        | 2 3 4 5 6 |  6.7
Stealth        | 1 2 3 |  3.7

Action                   |  1- 3 |  4- 6 |  7- 9 | 10-12 || total
-------------------------+-------+-------+-------+-------++-------
Melee: Hand axe          |     9 |    34 |    77 |       ||   120
       War axe           |       |       |    18 |    25 ||    43
       Broad axe         |       |       |       |    72 ||    72
       Executioner's axe |       |       |       |    48 ||    48
Invok: Berserk           |       |     2 |     4 |     5 ||    11
       Brothers in Arms  |       |       |     1 |     4 ||     5
  Use: Potion            |       |       |     1 |     1 ||     2
  Eat: Chunk             |       |       |     2 |    12 ||    14
       Ration            |       |       |     1 |       ||     1
Armor: Animal skin       |     1 |     6 |       |       ||     7
       Chain mail        |       |    12 |    35 |    90 ||   137
Dodge: Dodged            |     3 |    11 |    39 |    67 ||   120
